 Dungeon Crawl Stone Soup version 0.18-a0-1774-gce1f7b6 (webtiles) character file.

88 Chiseanne the Skirmisher (level 4, -1/37 HPs)
             Began as a Demonspawn Monk on Apr 15, 2016.
             Was an Initiate of Gozag.
             Killed by nerve-wracking pain
             ... invoked by an orc priest
              (9 damage)
             ... on level 3 of the Dungeon.
             The game lasted 00:08:23 (2423 turns).

Chiseanne the Skirmisher (Demonspawn Monk)          Turns: 2423, Time: 00:08:24

Health: -1/37      AC:  8    Str: 10 (12) XL:     4   Next: 30%
Magic:  4/4        EV: 13    Int: 11      God:    Gozag
Gold:   354        SH:  0    Dex: 16      Spells: 0 memorised, 3 levels left

rFire  . . .     SeeInvis .       - Unarmed
rCold  . . .     Gourm    .     l - +1 leather armour
rNeg   . . .     Faith    .     (no shield)
rPois  +         Spirit   .     (no helmet)
rElec  .         Dismiss  .     (no cloak)
rCorr  +         Reflect  .     (no gloves)
SustAt .         Harm     .     (no boots)
MR     .....                    (no amulet)
Stlth  +++.......               i - ring of poison resistance
                                f - ring of resist corrosion

@: not resistant to hostile enchantments, fairly stealthy
A: iridescent scales 1, nightstalker 1
a: Potion Petition, Call Merchant, Bribe Branch, Renounce Religion


You were on level 3 of the Dungeon.
You worshipped Gozag.
Gozag was noncommittal.
You were not hungry.

You visited 1 branch of the dungeon, and saw 3 of its levels.

You collected 354 gold pieces.

Inventory:

Missiles
 h - 14 arrows
 n - 15 poisoned needles
Armour
 l - a +1 leather armour (worn)
Jewellery
 f - a ring of resist corrosion (left hand)
 i - a ring of poison resistance (right hand)
Scrolls
 c - 2 scrolls of identify
 e - 2 scrolls of remove curse
 j - 2 scrolls of teleportation
 k - a scroll of magic mapping
Potions
 a - a potion of lignification
 b - a potion of mutation {unknown}
 d - a potion of ambrosia
 g - 3 potions of cure mutation
 m - a potion of flight
 o - a potion of heal wounds
Comestibles
 p - a meat ration


   Skills:
 * Level 4.0 Fighting
 * Level 1.1 Armour
 * Level 3.5 Dodging
 * Level 2.1 Stealth
 - Level 3.6 Unarmed Combat


You had 3 spell levels left.
You didn't know any spells.

Dungeon Overview and Level Annotations

Branches:
Dungeon (3/15)

Altars:
Fedhas
Gozag
Makhleb
Vehumet

Annotations:
D:2 Sigmund


Innate Abilities, Weirdness & Mutations

You are partially covered in iridescent scales (AC +4).
You are slightly more attuned to the shadows.


Message History

The orc priest is moderately wounded.
The orc hits you but does no damage. The orc priest barely misses you.
You hit the orc priest.
The orc priest is severely wounded.
The orc hits you but does no damage.
You hit the orc priest.
The orc priest is almost dead.
The orc priest hits you with a short sword!
* * * LOW HITPOINT WARNING * * *
The orc hits you but does no damage.
You closely miss the orc priest.
The orc priest is almost dead.
The orc priest hits you but does no damage.
The orc misses you.
You closely miss the orc priest.
The orc priest is almost dead.
The orc priest calls down the wrath of Beogh upon you.
Pain shoots through your body!
You die...
Your body crumbles into a pile of gold. .. $ .... ..... . ##.... ..r##### #.. #..... ..woooo#

.#.. ......
#@###.... .....
.#####..$....
##.#..
......<....##
## #.....
.........#.##>.
.....#
...............
.###
....###....###
.... ###..#####
... #......# ..
##.###.. ..


You could see a worm, an orc priest, 3 orcs and a rat.

Vanquished Creatures
  Jessica (D:2)
  An adder (D:2)
  A worm (D:2)
  3 dart slugs
  A giant gecko (D:2)
  2 giant cockroaches (D:2)
  8 goblins
  6 hobgoblins
  2 kobolds
  A ball python (D:1)
  8 bats
  A giant newt (D:1)
  11 rats
46 creatures vanquished.

Notes
Turn   | Place    | Note
--------------------------------------------------------------
     0 | D:1      | Chiseanne the Demonspawn Monk began the quest for the Orb.
     0 | D:1      | Reached XP level 1. HP: 18/18 MP: 1/1
   186 | D:1      | Gained mutation: You are slightly more attuned to the shadows. [demonic ancestry]
   186 | D:1      | Reached XP level 2. HP: 20/24 MP: 2/2
   224 | D:1      | You fall through a shaft!
   319 | D:2      | Found an opulent altar of Gozag.
   355 | D:2      | Became a worshipper of Gozag Ym Sagoz the Greedy
  1165 | D:1      | Reached XP level 3. HP: 22/29 MP: 3/3
  1646 | D:2      | Found a blossoming altar of Fedhas.
  1679 | D:2      | Noticed Sigmund
  1852 | D:2      | Noticed Jessica
  1860 | D:2      | Killed Jessica
  1860 | D:2      | Reached skill level 1 in Armour
  1860 | D:2      | Gained mutation: You are partially covered in iridescent scales (AC +4). [demonic ancestry]
  1860 | D:2      | Reached XP level 4. HP: 32/37 MP: 4/4
  1906 | D:2      | Reached skill level 4 in Fighting
  2187 | D:2      | Found a burning altar of Makhleb.
  2187 | D:2      | Found a radiant altar of Vehumet.
  2334 | D:3      | Found a faded altar to an unknown god.
  2423 | D:3      | Killed from afar by an orc priest

Vault maps used:
D:1:      dpeg_arrival_round_c
D:2:      gammafunk_temple_overflow_wave, nicolae_overflow_hidden_temple,
          nicolae_gozag_seed_capital, uniq_jessica, uniq_sigmund
D:3:      gammafunk_pakellas_spire_experiment, tso_oasis_becter,
          ecumenical_altar_1, minmay_quantized

Skill      XL: |  1  2  3  4 |
---------------+-------------+-----
Dodging        | 3 |  3.5
Armour         | 1 |  1.1
Stealth        | 2 |  2.1
Fighting       | 4 |  4.0
Unarmed Combat | |  3.6

Action                   |  1- 3 |  4- 6 || total
-------------------------+-------+-------++-------
Melee: Unarmed           |   143 |    70 ||   213
       Punch             |       |     1 ||     1
  Use: Scroll            |     9 |     2 ||    11
       Potion            |     1 |     1 ||     2
 Stab: Sleeping          |     5 |     3 ||     8
  Eat: Beef jerky        |     2 |       ||     2
       Bread ration      |       |     1 ||     1
Armor: Robe              |    20 |       ||    20
       Leather armour    |    14 |    22 ||    36
Dodge: Dodged            |    96 |    42 ||   138
